 Dungeon Crawl Stone Soup version 0.28-a0-429-g1448048969 (webtiles) character file.

Game seed: 7579063708719913547

2 siradein the Skirmisher (level 1, 0/14 HPs)
             Began as a Gargoyle Berserker on Sept 10, 2021.
             Was a Follower of Trog.
             Slain by a kobold (5 damage)
             ... on level 1 of the Dungeon.
             The game lasted 00:00:27 (122 turns).

siradein the Skirmisher (Gargoyle Berserker)         Turns: 122, Time: 00:00:28

Health: 0/14       AC:  4    Str: 20    XL:     1   Next: 40%
Magic:  1/1        EV: 11    Int:  7    God:    Trog [*.....]
Gold:   0          SH:  0    Dex:  9    Spells: 0/0 levels left

rFire   . . .      SeeInvis .   a - +0 mace
rCold   . . .      Faith    .   (no shield)
rNeg    + . .      Spirit   .   b - +0 animal skin
rPois   ∞          Reflect  .   (no helmet)
rElec   +          Harm     .   (no cloak)
rCorr   .          Rampage  .   (no gloves)
Will    .....                   (no boots)
Stlth   +.........              (no amulet)
HPRegen 0.04/turn               (no ring)
MPRegen 0.07/turn               (no ring)

@: no status effects
A: sickness immunity, AC +2, negative energy resistance 1, electricity
resistance, torment resistance 1, petrification resistance
a: Renounce Religion, Berserk


You were on level 1 of the Dungeon.
You worshipped Trog.
Trog was aware of your devotion.
You visited 1 branch of the dungeon, and saw 1 of its levels.

Inventory:

Hand Weapons
 a - a +0 mace (weapon)
Armour
 b - a +0 animal skin (worn)


   Skills:
 + Level 3.3 Fighting
 + Level 3.0 Maces & Flails
 + Level 2.3 Armour
 - Level 1.5 Dodging


You couldn't memorise any spells.
You didn't know any spells.
Your spell library was empty.

Dungeon Overview and Level Annotations

Branches:
Dungeon (1/15)

Altars:


Innate Abilities, Weirdness & Mutations

You are immune to sickness and miasma.
Your stone body is resilient. (AC +2)
You are immune to poison.
You resist negative energy. (rN+)
You are resistant to electric shocks. (rElec)
You are resistant to unholy torment.
You are immune to petrification.


Message History

You closely miss the frilled lizard. The frilled lizard bites you.
You thump the frilled lizard!
You kill the frilled lizard!
Trog accepts your kill.
No target in view!
No target in view!
No target in view!
Found a stone staircase leading down.
A quokka comes into view.
A quokka is nearby!
A quokka is nearby!
A quokka is nearby!
A quokka is nearby!
A quokka is nearby!
A kobold comes into view.
It is wielding a +2 short sword of electrocution.
The kobold shouts!
A frilled lizard comes into view.
You miss the quokka.
The quokka bites you but does no damage.
The frilled lizard hisses angrily.
You hit the quokka but do no damage. The quokka closely misses you.
The kobold hits you with a +2 short sword of electrocution.
The quokka closely misses you.
You closely miss the quokka. The quokka closely misses you.
The kobold completely misses you.
You closely miss the quokka. The quokka closely misses you.
The kobold hits you but does no damage. The quokka closely misses you.
The kobold closely misses you.
You hit the quokka.
The quokka is lightly wounded.
The quokka bites you.
The kobold hits you with a +2 short sword of electrocution.
The quokka barely misses you. The frilled lizard misses you.
You closely miss the quokka.
The quokka is lightly wounded.
The quokka bites you but does no damage.
The kobold hits you with a +2 short sword of electrocution.
The frilled lizard bites you but does no damage.
The kobold hits you with a +2 short sword of electrocution.
You die...

#.# #........##
#......#.........
###.#.###.####.##
..# ##.# .#
#.#.###.## #.
#.#.##
####.##..#####.
..............#
###..##@l####.#
#....>rK.....#
#..###..###..# #
...# # .....
.....## .......
.......#
....###.#


You could see a quokka, a kobold and a frilled lizard.

Vanquished Creatures
  A ball python (D:1)
  A bat (D:1)
  A frilled lizard (D:1)
  A rat (D:1)
4 creatures vanquished.

Notes
Turn   | Place    | Note
-------+----------+-------------------------------------------
     0 | D:1      | siradein the Gargoyle Berserker began the quest for the
                  | Orb.
     0 | D:1      | Reached XP level 1. HP: 14/14 MP: 1/1
   122 | D:1      | Slain by a kobold

Illustrated notes

Levels and vault maps discovered:
D:1:      saegor_arrival_miasma, layout_loops_ring

Action                   || total
-------------------------++-------
Melee: Mace              ||    14
Armor: Animal skin       ||     8
Dodge: Dodged            ||    12

Table legend: (Time is in decaauts)
 A = Elapsed time spent in this place.
 B = Non-inter-level travel time spent in this place.
 C = Inter-level travel time spent in this place.
 D = Time resting spent in this place.
 E = Time spent auto-exploring this place.
 F = Levels seen in this place.
 G = Mean time per level.
                   A        B        C        D        E       F      G
               +--------+--------+--------+--------+--------+-----+--------+
         Total |    125 |    125 |      0 |      0 |     84 |   1 |  125.0 |
       Dungeon |    125 |    125 |      0 |      0 |     84 |   1 |  125.0 |
               +--------+--------+--------+--------+--------+-----+--------+

Top non-repeatable levels by time:
     D:1: 125 daAuts
